Map: Catalyst LE

Players

ShoWTimE

  • Race: Protoss Protoss
  • Spawn Location: 5:00

Neeb - Winner!

  • Race: Protoss Protoss
  • Spawn Location: 11:00

Event: WCS Valencia 2018

VOD

Have the link to the VOD?

Description

Time

  • Played on: July 12, 2018, 11:02 a.m.
  • Length: 6:32

All games in this series

Show
View Real Time Build Order
Export as new Build Order

ShoWTimE Protoss 

Build Orders: Phoenix Opening, Mass Phoenix 

Get SALT Encoding   

  12  0:00  Probe  
  13  0:12  Probe  
  14  0:18  Pylon  
  14  0:24  Probe  
  15  0:32  Probe  
  15  0:38  Gateway  
  15  0:40  Probe  
  16  0:47  Assimilator  
  17  0:50  Probe  
  17  0:55  Assimilator  
  18  0:58  Probe  
  19  1:06  Probe  
  20  1:13  Gateway  
  20  1:17  Probe  
  21  1:25  Cybernetics Core  
  21  1:29  Probe  
  22  1:36  Pylon  
  22  1:41  Probe  
  23  1:54  Probe  
  24  2:02  Adept x2  
  24  2:03  Warp Gate  
  28  2:10  Pylon  
  28  2:25  Stargate  
  28  2:31  Adept x2  
  31  2:48  Pylon  
  31  2:58  Adept x2  
  35  3:00  Phoenix  
  35  3:11  Shield Battery  
  37  3:17  Phoenix  
  37  3:24  Shield Battery  
  39  3:42  Nexus  
  39  3:48  Phoenix  
  39  3:54  Probe  
  42  4:08  Robotics Facility  
  42  4:09  Probe  
  43  4:11  Phoenix  
  43  4:21  Probe  
  38  4:32  Phoenix  
  38  4:33  Probe  
  38  4:37  Assimilator  
  41  4:44  Stargate  
  41  4:45  Probe  
  42  4:52  Phoenix  
  42  4:54  Probe  
  42  4:57  Probe  
  44  5:06  Probe  
  43  5:09  Probe  
  44  5:15  Phoenix  
  44  5:18  Probe  
  47  5:21  Probe  
  47  5:24  Phoenix  
  47  5:27  Assimilator  
  48  5:30  Probe  
  48  5:34  Probe  
  52  5:42  Probe  
  52  5:43  Phoenix  
  56  5:53  Pylon  
  56  5:55  Stalker  
  56  6:04  Shield Battery, Stalker  
  36  6:29  Stalker  
Show
View Real Time Build Order
Export as new Build Order

Neeb Protoss - Winner!

Build Orders: Phoenix Opening, Mass Phoenix 

Get SALT Encoding   

  12  0:00  Probe  
  13  0:12  Probe  
  14  0:17  Pylon  
  14  0:23  Probe  
  15  0:31  Probe  
  15  0:39  Gateway, Probe  
  16  0:46  Assimilator  
  17  0:50  Probe  
  17  0:55  Assimilator  
  18  0:58  Probe  
  19  1:07  Probe  
  19  1:08  Gateway  
  20  1:18  Probe  
  21  1:28  Cybernetics Core  
  21  1:30  Probe  
  22  1:36  Pylon  
  22  1:42  Probe  
  23  1:54  Probe  
  24  2:04  Warp Gate, Adept x2  
  28  2:08  Pylon  
  28  2:31  Stargate  
  28  2:33  Adept x2  
  32  2:39  Probe  
  32  3:02  Shield Battery  
  32  3:16  Phoenix  
  32  3:17  Shield Battery  
  34  3:23  Nexus  
  34  3:29  Shield Battery  
  34  3:34  Stalker  
  36  3:35  Phoenix  
  37  3:49  Shield Battery  
  37  3:53  Pylon  
  36  3:58  Phoenix  
  39  4:08  Shield Battery  
  38  4:15  Adept, Phoenix  
  40  4:20  Probe  
  41  4:32  Probe  
  41  4:35  Probe  
  43  4:39  Phoenix  
  43  4:44  Probe  
  46  4:52  Probe  
  47  4:57  Probe, Phoenix  
  46  5:04  Probe  
  47  5:07  Stalker  
  47  5:08  Stalker  
  47  5:12  Probe  
  52  5:17  Phoenix  
  56  5:30  Stalker  
  56  5:31  Stalker  
  56  5:33  Phoenix  
  56  5:34  Pylon  
  60  5:47  Probe, Pylon  
  60  5:49  Probe  
  62  5:52  Phoenix  
  61  5:59  Probe  
  64  6:07  Zealot x2  
  64  6:10  Probe  
  56  6:28  Stalker x2  
Tags
 
Add a new tag
Caveats
  • Supply blocks, unpowered buildings, or Contaminate may cause inaccurate times.
  • Supply counts are checked every 10 seconds.